 Dungeon Crawl Stone Soup version 0.19.0 (webtiles) character file.

7225 gg19 the Destroyer (level 10, -15/50 HPs)
             Began as a Deep Elf Conjurer on Nov 18, 2016.
             Demolished by PurpleRed's ghost (21 damage)
             ... on level 1 of the Lair of Beasts.
             The game lasted 00:32:53 (10130 turns).

gg19 the Destroyer (Deep Elf Conjurer)             Turns: 10130, Time: 00:32:55

Health: -15/50     AC:  5    Str:  5    XL:     10   Next: 88%
Magic:  10/41      EV: 18    Int: 24    God:
Gold:   854        SH:  0    Dex: 15    Spells: 4 memorised, 18 levels left

rFire  . . .     SeeInvis .     a - staff of power
rCold  . . .     Gourm    .     q - +0 robe {MR+}
rNeg   . . .     Faith    .     (no shield)
rPois  .         Spirit   .     (no helmet)
rElec  .         Reflect  .     j - +2 cloak
rCorr  .         Harm     .     (no gloves)
MR     ++...                    (no boots)
Stlth  ++........               r - amulet of magic regeneration
                                (no ring)
                                t - ring of flight

@: no status effects
A: no striking features
a: Evoke Flight


You were on level 1 of the Lair of Beasts.
You were hungry.

You visited 3 branches of the dungeon, and saw 10 of its levels.
You also visited: Sewer and Ossuary.

You collected 854 gold pieces.

Inventory:

Hand Weapons
 b - a +0 hunting sling
Missiles
 i - 734 stones (quivered)
Armour
 j - a +2 cloak (worn)
 q - a +0 robe of magic resistance (worn)
 v - a +0 ring mail
Magical Staves
 a - an uncursed staff of power (weapon)
Jewellery
 h - a +4 amulet of reflection {unknown}
 r - an amulet of magic regeneration (around neck)
 t - a ring of flight (left hand)
Wands
 y - a wand of digging (10/24)
 B - a wand of polymorph (11/24)
 D - a wand of confusion (23/48)
 H - a wand of iceblast (6/15)
 L - a wand of enslavement (10/24)
Scrolls
 e - 5 scrolls of teleportation
 g - 3 scrolls of identify
 u - 2 scrolls of enchant armour
 A - a scroll of recharging {unknown}
 F - 6 scrolls of remove curse
 G - 3 scrolls of amnesia
Potions
 d - 3 potions of agility
 f - 2 potions of flight
 m - a potion of degeneration
 p - 2 potions of magic
 s - 3 potions of brilliance
 w - a potion of cancellation {unknown}
 x - 2 potions of might {unknown}
 z - 3 potions of curing {unknown}
 C - a potion of heal wounds {unknown}
 K - a potion of mutation {unknown}
Books
 n - a book of Conjurations

   Spells                             Type                      Level
   a - Magic Dart                     Conjuration                  1
   b - Searing Ray                    Conjuration                  2
   c - Dazzling Spray                 Conjuration/Hexes            3
   d - Fulminant Prism                Conjuration/Hexes            4
   e - Iskenderun's Mystic Blast      Conjuration                  4
   f - Iskenderun's Battlesphere      Conjuration/Charms           5
 E - a book of Debilitation

   Spells                             Type                      Level
   a - Corona                         Hexes                        1
   b - Slow                           Hexes                        2
   c - Gell's Gravitas                Hexes/Translocation          3
   d - Inner Flame                    Hexes/Fire                   3
   e - Cause Fear                     Hexes                        4
   f - Leda's Liquefaction            Hexes/Earth                  4
Comestibles
 c - 8 bread rations
 k - 6 chunks of flesh
 l - 3 beef jerkies
 o - 6 meat rations
 I - a royal jelly
 J - 7 slices of pizza


   Skills:
 + Level 9.0 Dodging
 - Level 2.4 Stealth
 + Level 10.9 Spellcasting
 * Level 13.4 Conjurations
 + Level 6.0 Charms


You had 18 spell levels left.
You knew the following spells:

 Your Spells              Type           Power        Failure   Level  Hunger
a - Magic Dart            Conj           ####         1%          1    None
b - Searing Ray           Conj           ######       1%          2    None
c - Iskenderun's Mystic   Conj           ######..     1%          4    None
d - Iskenderun's Battles  Conj/Chrm      ######..     2%          5    ####...


Dungeon Overview and Level Annotations

Branches:
Dungeon (8/15)             Temple (1/1) D:6            Lair (1/6) D:8

Altars:
Ashenzari
Cheibriados
Dithmenos
Elyvilon
Fedhas
Gozag
Hepliaklqana
Kikubaaqudgha
Makhleb
Nemelex Xobeh
Okawaru
Qazlal
Ru
Sif Muna
Trog
Uskayaw
Xom
Yredelemnul
Zin
The Shining One

Annotations:
Lair:1 PurpleRed's ghost, journeyman MiFi


Message History

Casting: Iskenderun's Mystic Blast
Confirm with . or Enter, or press ? or * to list all spells.
Aiming: Searing Ray
Press: ? - help, Shift-Dir - straight line, f/p - PurpleRed's ghost
Aim: PurpleRed's ghost (severely damaged)
The searing ray hits PurpleRed's ghost.
PurpleRed's ghost is severely damaged.
Your battlesphere fires!
The barrage of energy hits PurpleRed's ghost.
PurpleRed's ghost is almost destroyed.
PurpleRed's ghost hits you!!
Ouch! That really hurt!
* * * LOW HITPOINT WARNING * * *
The searing ray hits PurpleRed's ghost.
PurpleRed's ghost is almost destroyed.
Your battlesphere fires!
The barrage of energy hits PurpleRed's ghost.
PurpleRed's ghost is almost destroyed.
PurpleRed's ghost hits you!!
You die...

#...... ..... .....
... ... ##.###.#+#
##........#
#P.W#####.## #
#..@.......# #####.
#..........# #....#
#...*......# #.....
#..........####....#
#..........##.......
#.............#....#
#..........####.....
####P####.## #....#
### ### #####.


You could see PurpleRed's ghost and a friendly battlesphere.

Vanquished Creatures
  An elephant (D:8)
  A spiny frog (Lair:1)
  A komodo dragon (Lair:1)
  A rime drake (Lair:1)
  A two-headed ogre (D:8)
  2 hippogriffs
  The ghost of tijit the Chiller, an amateur VSIE of Dithmenos (D:4)
  4 hogs (D:8)
  A human (D:8)
  A hungry ghost (D:8)
  3 porcupines (Lair:1)
  A hornet zombie (D:6)
  2 ice beasts
  4 orc warriors
  2 sky beasts (D:7)
  2 phantoms
  2 ogres (D:5)
  A crocodile (Lair:1)
  14 big kobolds
  An elf zombie (Ossuary)
  8 bullfrogs
  A gnoll sergeant (D:7)
  A scorpion (D:5)
  A howler monkey (D:6)
  2 crimson imps
  A bullfrog zombie (D:6)
  2 centaur zombies
  4 orc priests
  A jelly (D:8)
  Crazy Yiuf (D:2)
  A human zombie (Ossuary)
  3 hounds
  2 orc wizards
  3 iguanas (D:8)
  Jessica (D:2)
  Ijyb (D:2)
  8 worker ants
  A killer bee zombie (D:8)
  A big kobold zombie (Ossuary)
  A hound zombie (D:8)
  2 mummies (Ossuary)
  10 gnolls
  A howler monkey skeleton (D:5)
  A river rat (Sewer)
  13 adders
  2 shadow imps
  4 oozes
  3 worms
  2 dart slugs
  14 leopard geckos
  24 orcs
  4 giant cockroaches
  A gnoll zombie (Ossuary)
  6 goblins
  7 hobgoblins
  7 jackals
  4 quokkas
  8 ball pythons
  12 bats
  4 frilled lizards
  2 goblin zombies (Ossuary)
  5 hobgoblin zombies (Ossuary)
  A jackal skeleton (D:4)
  50 kobolds
  A leopard gecko zombie (D:5)
  3 orc zombies (Ossuary)
  12 rats
  A spectral orc (D:7)
294 creatures vanquished.

Vanquished Creatures (others)
  A human (D:6)
  A fungus (Lair:1)
2 creatures vanquished.

Grand Total: 296 creatures vanquished

Notes
Turn   | Place    | Note
-------+----------+-------------------------------------------
     0 | D:1      | gg19 the Deep Elf Conjurer began the quest for the Orb.
     0 | D:1      | Reached XP level 1. HP: 10/10 MP: 6/6
   127 | D:1      | Reached XP level 2. HP: 15/15 MP: 4/8
   129 | D:1      | Reached skill level 5 in Conjurations
   243 | D:1      | Learned a level 2 spell: Searing Ray
   611 | D:2      | Reached XP level 3. HP: 19/19 MP: 7/9
   633 | D:2      | Found a shadowy altar of Dithmenos.
   658 | D:2      | Found a runed door.
   670 | D:2      | Noticed Ijyb
   688 | D:2      | Killed Ijyb
   894 | D:2      | Noticed Jessica
   896 | D:2      | Killed Jessica
   896 | D:2      | Reached skill level 6 in Conjurations
   896 | D:2      | Reached XP level 4. HP: 24/24 MP: 7/11
   908 | D:2      | Learned a level 4 spell: Iskenderun's Mystic Blast
  1125 | D:2      | Found a shimmering altar of Xom.
  1184 | D:2      | Found a stormy altar of Qazlal.
  1529 | D:2      | Noticed Crazy Yiuf
  1533 | D:2      | Killed Crazy Yiuf
  1578 | D:3      | Reached XP level 5. HP: 28/28 MP: 8/12
  1675 | D:3      | Reached skill level 7 in Conjurations
  1754 | D:3      | Found a glowing golden altar of the Shining One.
  2092 | D:3      | Found a glowing drain.
  2096 | Sewer    | Entered a sewer
  2125 | Sewer    | Reached XP level 6. HP: 32/32 MP: 7/15
  2179 | Sewer    | Reached skill level 5 in Spellcasting
  2285 | Sewer    | Reached skill level 8 in Conjurations
  2351 | Sewer    | Reached XP level 7. HP: 34/36 MP: 13/17
  2594 | Sewer    | Learned a level 5 spell: Iskenderun's Battlesphere
  3319 | D:4      | Reached skill level 9 in Conjurations
  3354 | D:4      | Noticed tijit's ghost (amateur VSIE)
  3360 | D:4      | Killed tijit's ghost
  3443 | D:4      | Reached XP level 8. HP: 41/41 MP: 9/20
  3989 | D:5      | Entered Level 5 of the Dungeon
  4088 | D:5      | Found a sand-covered staircase.
  4100 | Ossuary  | Entered an ossuary
  4510 | D:5      | Reached skill level 10 in Conjurations
  4695 | D:5      | Reached skill level 5 in Dodging
  5371 | D:5      | Reached XP level 9. HP: 38/45 MP: 4/23
  5484 | D:5      | Reached skill level 11 in Conjurations
  6040 | D:6      | Found a staircase to the Ecumenical Temple.
  6246 | Temple   | Entered the Ecumenical Temple
  6507 | D:6      | Found an ancient bone altar of Kikubaaqudgha.
  7158 | D:7      | Reached skill level 1 in Charms
  7495 | D:7      | Reached skill level 12 in Conjurations
  7709 | D:7      | Found a burning altar of Makhleb.
  7869 | D:7      | Reached XP level 10. HP: 50/50 MP: 10/25
  7959 | D:7      | Found a basalt altar of Yredelemnul.
  8415 | D:8      | Noticed an elephant
  8434 | D:8      | Killed an elephant
  8434 | D:8      | Reached skill level 10 in Spellcasting
  8636 | D:8      | Found a staircase to the Lair.
  9352 | Lair:1   | Entered Level 1 of the Lair of Beasts
  9379 | Lair:1   | Noticed PurpleRed's ghost (journeyman MiFi)
  9385 | Lair:1   | Reached skill level 13 in Conjurations
  9385 | Lair:1   | Reached skill level 5 in Charms
  9424 | Lair:1   | Found a blossoming altar of Fedhas.
  9785 | Lair:1   | Noticed a spiny frog
  9791 | Lair:1   | Killed a spiny frog
 10130 | Lair:1   | Demolished by PurpleRed's ghost

Skill      XL: |  1  2  3  4  5  6  7  8  9 10 |
---------------+-------------------------------+-----
Conjurations   | 5 6 7 8 9 10 12 13 | 13.4
Spellcasting   | 4 5 6 8 9 10 | 10.9
Dodging        | 3 5 7 9 |  9.0
Charms         | 2 6 |  6.0
Stealth        | |  2.4

Action                   |  1- 3 |  4- 6 |  7- 9 | 10-12 || total
-------------------------+-------+-------+-------+-------++-------
Melee: Dagger            |     6 |       |       |       ||     6
       Quarterstaff      |       |     2 |       |       ||     2
 Fire: Hunting sling     |       |     1 |       |       ||     1
 Cast: Magic Dart        |    50 |    67 |   315 |    80 ||   512
       Searing Ray       |     1 |    14 |    49 |    15 ||    79
       Iskenderun's Myst |       |       |    21 |    11 ||    32
       Iskenderun's Batt |       |       |    10 |    20 ||    30
  Use: Scroll            |       |     8 |     8 |     5 ||    21
       Potion            |       |       |       |     1 ||     1
  Eat: Chunk             |       |     3 |    14 |    10 ||    27
       Fruit             |       |       |     3 |       ||     3
       Meat ration       |       |       |     1 |       ||     1
Armor: Robe              |     4 |     3 |    13 |     3 ||    23
Dodge: Dodged            |     7 |    11 |    85 |    28 ||   131
